 Dungeon Crawl Stone Soup version 0.18-a0-1060-g4fac74f (webtiles) character file.

83 Duffy the Chopper (level 4, -1/23 HPs)
             Began as a Vine Stalker Fighter on Jan 12, 2016.
             Slain by an orc
             ... wielding a +0 flail
              (3 damage)
             ... on level 3 of the Dungeon.
             The game lasted 00:01:07 (561 turns).

Duffy the Chopper (Vine Stalker Fighter)             Turns: 561, Time: 00:01:08

Health: -1/23      AC:  6    Str: 19    XL:     4   Next: 44%
Magic:  0/5        EV:  7    Int:  9    God:
Gold:   4          SH:  9    Dex: 13    Spells: 0 memorised, 3 levels left

rFire  . . .     SeeInvis .     a - +0 war axe
rCold  . . .     Gourm    .     b - +0 scale mail
rNeg   . . .     Faith    .     c - +0 shield
rPois  .         Spirit   +     (no helmet)
rElec  .         Dismiss  .     (no cloak)
rCorr  .         Reflect  .     (no gloves)
SustAt .         Harm     .     (no boots)
MR     .....                    (no amulet)
Stlth  ..........               (no ring)
                                (no ring)

@: lethally poisoned (-1 -> -9), not resistant to hostile enchantments,
extremely unstealthy
A: fangs 2, regeneration 1, magic shield, antimagic bite, no device heal 3, rot
immunity
a: no special abilities


You were on level 3 of the Dungeon.
You were not hungry.

You visited 1 branch of the dungeon, and saw 4 of its levels.

You collected 4 gold pieces.


Innate Abilities, Weirdness & Mutations

You have extremely sharp teeth.
Your natural rate of healing is unusually fast.
When hurt, damage is shared between your health and your magic reserves.
Your bite disrupts and absorbs the magic of your enemies.
Potions and wands cannot restore your health.
You are immune to rotting.


   Skills:
 - Level 2.6 Fighting
 + Level 4.1 Axes
 - Level 2.4 Armour
 - Level 2.6 Shields


You had 3 spell levels left.
You didn't know any spells.

Inventory:

Hand Weapons
 a - a +0 war axe (weapon)
Missiles
 i - 12 poisoned needles
Armour
 b - a +0 scale mail (worn)
 c - a +0 shield (worn)
Jewellery
 k - an uncursed ring of wizardry {unknown}
Scrolls
 h - a scroll of blinking {unknown}
 j - a scroll of teleportation {unknown}
Potions
 d - a potion of might
 e - a potion of flight
 g - a potion of curing
Comestibles
 f - 2 bread rations

Dungeon Overview and Level Annotations

Branches:
Dungeon (4/15)
 Temple: D:4-7

Altars:
Pakellas


Message History

You are too injured to fight recklessly!
You are too injured to fight recklessly!
You are too injured to fight recklessly!
You are too injured to fight recklessly!
You are too injured to fight recklessly!
You are too injured to fight recklessly!
You are too injured to fight recklessly!
You are too injured to fight recklessly!
You are too injured to fight recklessly!
You are too injured to fight recklessly!
You are too injured to fight recklessly!
You are too injured to fight recklessly!
You are too injured to fight recklessly!
You are too injured to fight recklessly!
You are too injured to fight recklessly!
You are too injured to fight recklessly!
You are too injured to fight recklessly!
You feel sick.
You closely miss the kobold.
You feel sick.
The kobold unwields an uncursed blowgun.
The kobold hits you but does no damage. You block the orc's attack.
You are too injured to fight recklessly!
You are too injured to fight recklessly!
You are too injured to fight recklessly!
You are too injured to fight recklessly!
Your shield and scale mail prevent you from hitting the kobold.
You closely miss the orc.
The orc is severely wounded.
You feel sick. The kobold hits you but does no damage.
The orc hits you with a flail. The kobold barely misses you.
You hit the kobold but do no damage. Your bite misses the kobold.
Your shield and scale mail prevent you from hitting the orc.
The orc is severely wounded.
You feel sick. The orc hits you with a flail.
You die...

#.#.# ######## #.#.#
.......#. #...#
.......#.#### #...#
.......#...##.#...#
.......#....# .>..###
......(##...####....#
....).o#.......K@o..#
....(o(#..#####..)..#
######)#(..(........#
##.(..###########
#.....# ##.....##.
##..........
###....#...[##
......#.#(....


You could see an orc and a kobold.

Action                   |  1- 3 |  4- 6 || total
-------------------------+-------+-------++-------
Melee: War axe           |    52 |    13 ||    65
  Use: Potion            |       |     2 ||     2

Notes
Turn   | Place    | Note
--------------------------------------------------------------
     0 | D:1      | Duffy the Vine Stalker Fighter began the quest for the Orb.
     0 | D:1      | Reached XP level 1. HP: 11/11 MP: 2/2
    19 | D:1      | Reached skill level 2 in Axes
   193 | D:1      | Reached XP level 2. HP: 16/16 MP: 3/3
   319 | D:2      | Reached skill level 3 in Axes
   319 | D:2      | Reached XP level 3. HP: 15/19 MP: 1/4
   426 | D:3      | Found an oddly glowing altar of Pakellas.
   457 | D:3      | Reached XP level 4. HP: 7/23 MP: 5/5
   557 | D:3      | Reached skill level 4 in Axes
   561 | D:3      | Slain by an orc

Vault maps used:
D:1:      lightli_iron_boxes, interstate_on_off
D:2:      minivault_26, grunt_decor_cap
D:3:      grunt_pakellas_sulfur, lemuel_zombie_altar_kikubaaqudgha,
          mrwooster_statue_mirror
D:4:      minmay_opposing_rooms, first_bread, lemuel_blue_sif_altar

Vanquished Creatures
  2 orc wizards
  2 adders
  A worm
  2 orcs
  A giant cockroach
  3 hobgoblins
  2 ball pythons
  3 bats
  A kobold
  3 rats
20 creatures vanquished.
